 Dungeon Crawl Stone Soup version 0.31-a0-836-g3ceb0a68c4 (webtiles) character file.

Game seed: 7128342856664307634

40 freelancePsychic the Sneak (level 3, 0/20 HPs)
             Began as a Gargoyle Enchanter on Sept 26, 2023.
             Slain by Terence
             ... wielding a +0 flail
              (5 damage)
             ... on level 2 of the Dungeon.
             The game lasted 00:02:40 (782 turns).

freelancePsychic the Sneak (Gargoyle Enchanter)      Turns: 782, Time: 00:02:41

Health: 0/20       AC:  5    Str: 11    XL:     3   Next: 50%
Magic:  6/6        EV: 11    Int: 17    God:
Gold:   49         SH:  0    Dex: 10    Spells: 0/6 levels left

rFire   . . .        g - +2 dagger (speed)
rCold   . . .        (no shield)
rNeg    + . .        b - +0 robe
rPois   ∞            (no helmet)
rElec   +            j - scarf {repulsion}
rCorr   .            (no gloves)
SInv    .            (no boots)
Will    .....        (no amulet)
Stlth   ++           (no ring)
HPRegen 0.23/turn    (no ring)
MPRegen 0.10/turn

%: repel missiles
@: invisible (expiring)
A: sickness immunity, AC +3, negative energy resistance 1, electricity
resistance, torment resistance 1, petrification resistance
a: no special abilities


You were on level 2 of the Dungeon.
You visited 1 branch of the dungeon, and saw 2 of its levels.

You collected 49 gold pieces.

Inventory:

Hand Weapons
 a - a +1 dagger
 d - a +0 quarterstaff
 g - a +2 dagger of speed (weapon)
 k - a +3 short sword
Armour
 b - a +0 robe (worn)
 j - a scarf of repulsion (worn)
Scrolls
 f - 2 scrolls of silence {unknown}
 h - a scroll of enchant weapon {unknown}
 i - a scroll of identify {unknown}
Potions
 c - a potion of invisibility
 e - a potion of curing {unknown}
 l - a potion of resistance {unknown}


   Skills:
 + Level 1.2 Fighting
 * Level 1.3 Short Blades
 - Level 0.5 Staves
 - Level 1.5 Dodging
 + Level 3.6 Stealth
 - Level 2.0 Spellcasting
 * Level 3.2 Hexes


You couldn't memorise any spells.
You knew the following spells:

 Your Spells              Type           Power      Damage    Failure   Level
a - Confusing Touch       Hex            12%        N/A       16%         3
b - Tukima's Dance        Hex            12%        N/A       16%         3

Your spell library contained the following spells:

 Spells                   Type           Power      Damage    Failure   Level
 Ensorcelled Hibernation  Hex/Ice        14%        N/A       16%         2
 Dazzling Flash           Conj/Hex       14%        N/A       30%         3
 Silence                  Hex/Air        3%         N/A       95%         5
 Agony                    Necr           1%         N/A       99%         5


Dungeon Overview and Level Annotations

Branches:
Dungeon (2/15)

Altars:
Dithmenos

Annotations:
D:2 Terence


Innate Abilities, Weirdness & Mutations

You are immune to sickness and miasma.
Your stone body is resilient. (AC +3)
You are immune to poison.
You resist negative energy. (rN+)
You are resistant to electric shocks. (rElec)
You are resistant to unholy torment.
You are immune to petrification.


Message History

You hit Terence.
Terence is moderately wounded.
You hit Terence but do no damage.
Terence is moderately wounded.
Terence hits you with a +0 flail!
You hit Terence but do no damage.
Terence is moderately wounded.
Terence says, "Rest in peace."
Terence barely misses you.
You barely miss Terence.
Terence is moderately wounded.
You hit Terence.
Terence is heavily wounded.
Terence barely misses you.
You hit Terence.
Terence is heavily wounded.
You barely miss Terence.
Terence is heavily wounded.
You flicker for a moment.
You catch the helpless Terence completely off-guard!
You puncture Terence!
Terence is almost dead.
Terence barely misses you.
You closely miss Terence.
Terence is almost dead.
You hit Terence but do no damage.
Terence is almost dead.
Terence misses you.
You hit Terence.
Terence is almost dead.
Terence hits you with a +0 flail.
* * * LOW HITPOINT WARNING * * *
You hit Terence but do no damage.
Terence is almost dead.
Terence shouts!
You hit Terence but do no damage.
Terence is almost dead.
You aren't carrying any items that you can evoke.
Terence hits you with a +0 flail.
You die...

#....# #>.........+
#....###..........#
#......#...########
#..........######
##.._...........#
#..........###.# ###
#..........# #.# ....
#..........# #.#
..... ##.......#.#
#@###... .
##......#.# #@#<.$
...
##+#.....###b#.#.....
..##...........r..
#...............
########.#b.S...
#.#...... ..# .>...
### .....


You could see Terence (unable to see you) and a bat.

Vanquished Creatures
  An adder (D:2)
  A dart slug (D:2)
  2 ball pythons (D:2)
  An endoplasm (D:1)
  2 giant cockroaches
  4 goblins
  2 hobgoblins (D:1)
  3 jackals (D:2)
  2 quokkas (D:1)
  A bat (D:1)
  4 frilled lizards
  3 kobolds
  A rat (D:1)
27 creatures vanquished.

Notes
Turn   | Place    | Note
-------+----------+-------------------------------------------
     0 | D:1      | freelancePsychic the Gargoyle Enchanter began the quest for
                  | the Orb.
     0 | D:1      | Reached XP level 1. HP: 10/10 MP: 3/3
    77 | D:1      | Reached skill level 1 in Short Blades
   108 | D:1      | Reached XP level 2. HP: 11/16 MP: 5/5
   533 | D:2      | Reached skill level 1 in Fighting
   533 | D:2      | Reached XP level 3. HP: 16/20 MP: 6/6
   706 | D:2      | Learned a level 3 spell: Confusing Touch
   710 | D:2      | Learned a level 3 spell: Tukima's Dance
   712 | D:2      | Found a shadowy altar of Dithmenos.
   742 | D:2      | Noticed Terence
   782 | D:2      | Slain by Terence

Illustrated notes

Levels and vault maps discovered:
D:1:      noname_arrival_rooms_in_the_neighbourhood, layout_rooms
D:2:      layout_basic, basic_altar, uniq_sigmund, uniq_terence

Skill      XL: |  1  2 |
---------------+-------+-----
Short Blades   | 1 |  1.3
Hexes          | 3 |  3.2
Fighting       | 1 |  1.2
Staves         | |  0.5
Dodging        | |  1.5
Stealth        | |  3.6
Spellcasting   | |  2.0

Action                     || total
---------------------------++-------
  Melee: Quarterstaff      ||    27
         Dagger            ||    76
    Use: Potion            ||     1
   Stab: Sleeping          ||     7
         Invisible         ||     5
 Armour: Robe              ||    44
  Dodge: Dodged            ||    48

Table legend: (Time is in decaauts)
 A = Elapsed time spent in this place.
 B = Non-inter-level travel time spent in this place.
 C = Inter-level travel time spent in this place.
 D = Time resting spent in this place.
 E = Time spent auto-exploring this place.
 F = Levels seen in this place.
 G = Mean time per level.
                   A        B        C        D        E       F      G
               +--------+--------+--------+--------+--------+-----+--------+
         Total |    763 |    740 |     23 |      0 |    526 |   2 |  381.5 |
       Dungeon |    763 |    740 |     23 |      0 |    526 |   2 |  381.5 |
               +--------+--------+--------+--------+--------+-----+--------+

Top non-repeatable levels by time:
     D:1: 510 daAuts
     D:2: 252 daAuts
